 Dungeon Crawl Stone Soup version 0.19-a0-1402-g0c1e9a7 (webtiles) character file.

422 IVIUSE the Bludgeoner (level 6, -7/78 HPs)
             Began as a Minotaur Berserker on Sept 4, 2016.
             Was a Believer of Trog.
             Killed from afar by gressup's ghost (38 damage)
             ... with a bolt of negative energy
             ... on level 4 of the Dungeon.
             The game lasted 00:10:28 (2665 turns).

IVIUSE the Bludgeoner (Minotaur Berserker)          Turns: 2665, Time: 00:10:29

Health: -7/78      AC:  6    Str: 29    XL:     6   Next: 63%
Magic:  5/5        EV: 11    Int:  4    God:    Trog [**....]
Gold:   191        SH:  0    Dex:  9    Spells: 0 memorised, 5 levels left

rFire  . . .     SeeInvis .     a - +1 mace
rCold  . . .     Gourm    .     e - +0 ring mail
rNeg   . . .     Faith    .     (no shield)
rPois  +         Spirit   .     (helmet restricted)
rElec  .         Dismiss  .     v - +0 cloak {rPois}
rCorr  .         Reflect  .     (no gloves)
MR     .....     Harm     .     (no boots)
Stlth  ..........               (no amulet)
                                (no ring)
                                (no ring)

@: berserking, heavily drained, very quick
A: retaliatory headbutt, horns 2
a: Berserk, Trog's Hand, Burn Spellbooks, Renounce Religion


You were on level 4 of the Dungeon.
You worshipped Trog.
Trog was pleased with you.
You were not hungry.

You visited 1 branch of the dungeon, and saw 4 of its levels.

You collected 191 gold pieces.

Inventory:

Hand Weapons
 a - a +1 mace (weapon)
Armour
 b - a +0 animal skin
 e - a +0 ring mail (worn)
 i - a +0 cloak
 v - a +0 cloak of poison resistance (worn)
Jewellery
 l - an uncursed ring of flight {unknown}
Scrolls
 d - a scroll of blinking
 g - 2 scrolls of identify
 h - a scroll of teleportation
 n - 2 scrolls of random uselessness {unknown}
 q - 2 scrolls of remove curse
Potions
 c - a potion of lignification
 j - a potion of curing {unknown}
Comestibles
 f - 2 royal jellies
 m - a slice of pizza
 r - 2 fruits


   Skills:
 * Level 3.9(2.7) Fighting
 - Level 15.0(13.4) Maces & Flails
 * Level 2.4(1.2) Armour
 + Level 2.5(1.4) Dodging
 - Level 0.8(0.0) Stealth


You had 5 spell levels left.
You didn't know any spells.

Dungeon Overview and Level Annotations

Branches:
Dungeon (4/15)
 Temple: D:4-7

Altars:
Ashenzari

Annotations:
D:4 gressup's ghost, novice DrGl


Innate Abilities, Weirdness & Mutations

You reflexively headbutt those who attack you in melee.
You have a pair of horns on your head.


Message History

A red film seems to cover your vision as you go berserk!
You feel yourself moving faster!
You feel mighty!
You feel somewhat more hungry. Gressup's ghost barely misses you.
You thump gressup's ghost!
Gressup's ghost is moderately damaged.
You miss gressup's ghost. Your headbutt misses gressup's ghost.
Gressup's ghost is moderately damaged.
Gressup's ghost hits you!
You bludgeon gressup's ghost!!
Gressup's ghost is heavily damaged.
You barely miss gressup's ghost. Your headbutt misses gressup's ghost.
Gressup's ghost is heavily damaged.
Gressup's ghost hits you!
You sock gressup's ghost!
Gressup's ghost is almost destroyed.
You thump gressup's ghost!
Gressup's ghost is almost destroyed.
Gressup's ghost breathes negative energy at you.
The bolt of negative energy hits you!
You feel drained.
You die...

.. ... . ..###
#.# .# .....#
#.###.#. .....
..#..... ...
#.....# # ..#
#.##.....#.#
.....#....###.#.#
#...W@........#
#..#.##.###..##
... #.##.###..# .
##.#.........#
.............#
.............#
.............#
#............#
#.##..#####..#


You could see gressup's ghost.

Vanquished Creatures
  Crazy Yiuf (D:3)
  2 orc wizards (D:3)
  Ijyb (D:3)
  Terence (D:3)
  6 adders
  An ooze (D:1)
  An adder skeleton (D:4)
  2 worms (D:3)
  10 orcs (D:3)
  6 bats
  6 giant cockroaches
  7 hobgoblins
  3 jackals (D:2)
  A quokka (D:3)
  3 giant newts
  7 goblins
  7 kobolds
  11 rats
76 creatures vanquished.

Notes
Turn   | Place    | Note
-------+----------+-------------------------------------------
     0 | D:1      | IVIUSE the Minotaur Berserker began the quest for the Orb.
     0 | D:1      | Reached XP level 1. HP: 19/19 MP: 0/0
    27 | D:1      | Reached skill level 4 in Maces & Flails
    33 | D:1      | Reached XP level 2. HP: 20/26 MP: 1/1
   732 | D:2      | Reached skill level 5 in Maces & Flails
   810 | D:2      | Reached XP level 3. HP: 31/31 MP: 2/2
  1047 | D:2      | Found a shattered altar of Ashenzari.
  1278 | D:2      | Reached ** piety under Trog
  1460 | D:3      | Reached XP level 4. HP: 36/39 MP: 3/3
  1480 | D:3      | Reached skill level 6 in Maces & Flails
  1522 | D:3      | Noticed Ijyb
  1529 | D:3      | Killed Ijyb
  1820 | D:3      | Reached XP level 5. HP: 43/45 MP: 4/4
  1834 | D:3      | HP: 2/45 [orc/short sword of distortion (17)]
  1840 | D:3      | Reached skill level 14 in Maces & Flails
  1840 | D:3      | Reached XP level 6. HP: 7/51 MP: 5/5
  1889 | D:3      | Reached skill level 15 in Maces & Flails
  2083 | D:3      | Noticed Terence
  2089 | D:3      | Killed Terence
  2117 | D:3      | Found a runed door.
  2191 | D:3      | Noticed Crazy Yiuf
  2195 | D:3      | Killed Crazy Yiuf
  2639 | D:4      | Noticed gressup's ghost (novice DrGl)
  2665 | D:4      | Killed from afar by gressup's ghost

Vault maps used:
D:1:      ncdulo_wetmaze, minmay_pentomino_q4
D:2:      lemuel_round_altar
D:3:      due_unseen_surprise, uniq_terence, uniq_iyjb, uniq_crazy_yiuf_cottage
D:4:      nicolae_qazlal_eye_of_the_storm, minmay_misc_feat_room

Skill      XL: |  1  2  3  4  5  6 |
---------------+-------------------+-----
Maces & Flails | 4 5 6 14 15 | 15.0
Fighting       | |  3.9
Armour         | |  2.4
Dodging        | |  2.5
Stealth        | |  0.8

Action                   |  1- 3 |  4- 6 || total
-------------------------+-------+-------++-------
Melee: Mace              |    64 |    85 ||   149
       Headbutt          |     8 |    21 ||    29
Invok: Trog's Hand       |       |     1 ||     1
       Berserk           |       |     2 ||     2
  Use: Scroll            |       |     8 ||     8
       Potion            |       |     7 ||     7
  Eat: Fruit             |     1 |       ||     1
       Bread ration      |       |     2 ||     2
Armor: Animal skin       |    20 |     5 ||    25
       Skin              |       |     3 ||     3
       Ring mail         |       |     6 ||     6
Dodge: Dodged            |    58 |    41 ||    99
